 Dungeon Crawl Stone Soup version 0.29.1-1-gd02db6906a (webtiles) character file.

Game seed: 6050588964831135089

5744 xian the Cleaver (level 10, -3/79 HPs)
             Began as a Demonspawn Abyssal Knight on Oct 7, 2022.
             Was a High Priest of Lugonu.
             Slain by a hornet (13 damage)
             ... on level 9 of the Dungeon.
             The game lasted 00:20:55 (9468 turns).

xian the Cleaver (Demonspawn Abyssal Knight)        Turns: 9468, Time: 00:20:56

Health: -3/79      AC: 15    Str: 18    XL:     10   Next: 49%
Magic:  8/16       EV: 11    Int: 11    God:    Lugonu [*****.]
Gold:   559        SH:  0    Dex: 14    Spells: 9/9 levels left

rFire   + . .      SeeInvis .   a - +1 hand axe
rCold   . . .      Faith    .   (no shield)
rNeg    . . .      Spirit   .   b - +2 scale mail {rF+}
rPois   .          Reflect  .   F - +1 hat
rElec   .          Harm     .   (no cloak)
rCorr   .          Rampage  .   i - +2 pair of gloves {infuse}
Will    .....                   (no boots)
Stlth   ..........              (no amulet)
HPRegen 0.23/turn               B - ring of flight
MPRegen 0.15/turn               (no ring)

@: flying, studying Translocations
A: rugged brown scales 1, powered by death 1, powered by pain 2, demonic touch 1
a: Renounce Religion, Depart the Abyss, Bend Space, Banish, Corrupt, Enter the
Abyss


You were on level 9 of the Dungeon.
You worshipped Lugonu.
Lugonu was extremely pleased with you.
You visited 1 branch of the dungeon, and saw 9 of its levels.
You visited the Abyss 1 time.

You collected 559 gold pieces.

Inventory:

Hand Weapons
 a - a +1 hand axe (weapon)
Missiles
 j - 8 poisoned darts
 r - 12 stones (quivered)
Armour
 b - a +2 scale mail of fire resistance (worn)
 h - +0 acid dragon scales
 i - a +2 pair of gloves of infusion (worn)
 F - a +1 hat (worn)
Jewellery
 e - an amulet of reflection
 B - a ring of flight (left hand)
Wands
 s - a wand of flame (19)
 x - a wand of digging (6)
 C - a wand of quicksilver (9)
 G - a wand of mindburst (20)
Scrolls
 g - 2 scrolls of vulnerability
 k - a scroll of identify
 m - 2 scrolls of silence {unknown}
 n - 2 scrolls of amnesia {unknown}
 o - 2 scrolls of fog
 t - 2 scrolls of immolation
 u - a scroll of magic mapping
 y - a scroll of poison
Potions
 c - 2 potions of attraction {unknown}
 d - a potion of magic
 l - 5 potions of curing
 p - a potion of heal wounds
 q - a potion of resistance {unknown}
 v - 2 potions of flight {unknown}
 w - a potion of ambrosia {unknown}
 z - a potion of cancellation {unknown}
 A - 2 potions of brilliance {unknown}
 E - a potion of might


   Skills:
 + Level 6.8 Fighting
 + Level 9.3 Axes
 + Level 2.8 Throwing
 + Level 6.6 Armour
 + Level 3.7 Dodging
 + Level 0.6 Stealth
 * Level 8.1 Invocations


You had 9 spell levels left.
You didn't know any spells.
Your spell library contained the following spells:

 Spells                   Type           Power      Damage    Failure   Level
 Necrotise                Necr           0%         1d4       69%         1
 Slow                     Hex            0%         N/A       69%         1
 Confusing Touch          Hex            0%         N/A       96%         3
 Gell's Gravitas          Tloc           0%         N/A       96%         3
 Lesser Beckoning         Tloc           0%         N/A       96%         3
 Teleport Other           Tloc           0%         N/A       96%         3
 Vampiric Draining        Necr           0%         2d6       96%         3
 Agony                    Necr           0%         N/A       100%        5
 Summon Forest            Summ/Tloc      0%         N/A       100%        5
 Summon Mana Viper        Hex/Summ       0%         N/A       100%        5
 Dispersal                Tloc           0%         N/A       100%        6
 Summon Cactus Giant      Summ           0%         N/A       100%        6
 Disjunction              Tloc           0%         N/A       100%        8


Dungeon Overview and Level Annotations

Branches:
Dungeon (9/15)             Temple (0/1) D:6
   Lair: D:8-11         Orc: D:9-12

Altars:
Kikubaaqudgha
Makhleb
Okawaru
Sif Muna
Yredelemnul

Shops:
D:8 =:(([


Innate Abilities, Weirdness & Mutations

You are partially covered in rugged brown scales. (AC +1, +3% HP)
You regenerate a little health from kills.
You sometimes gain power by taking damage.
Your touch may inflict minor irresistible damage on your foes.


Message History

The killer bee is heavily wounded.
The killer bee stings you. The killer bee closely misses you.
You miss the killer bee.
The killer bee is heavily wounded.
The killer bee stings you.
The killer bee stings you but does no damage.
You slash the killer bee!
You kill the killer bee!
Lugonu accepts your kill.
You hear the quick creaking of a distant portcullis.
You see here a killer bee corpse.
The killer bee buzzes angrily.
The orc priest shouts!
The killer bee seems to regain its courage.
You see here a killer bee corpse.
The orc priest invokes the aid of Beogh against you.
Beogh smites you!
* * * LOW HITPOINT WARNING * * *
The killer bee attacks as you move away!
The killer bee stings you but does no damage. x2
The killer bee barely misses you.
As you read the scroll of fear, it crumbles to dust.
You assume a fearsome visage.
The killer bee looks frightened! x2
The hornet resists with some effort.
The orc priest looks frightened! x2
As you read the scroll of fog, it crumbles to dust.
The scroll dissolves into smoke.
The hornet stings you but does no damage.
The hornet barely misses you. The hornet attacks as you move away!
The hornet stings you!
* * * LOW HITPOINT WARNING * * *
You are lethally poisoned!
You feel yourself slow down.
A warg comes into view.
You feel yourself speed up.
* * * LOW HITPOINT WARNING * * *
You feel very sick.
The warg howls!
The hornet misses you.
You feel better. The hornet stings you!
You die...

#####§§§§.......# #
#....§§§§...y...#
#.##.....§###.#....#
........§§# #†####...
###......# #.####### #.....# #
#......# #........ #.....# #.#
#......# ##....### #.....#
..###...y..# ....#
#.....##...##...@..# ....#
#...[.#....#####.### ....#
#................. ....y.
#.................. .......
....?.........................
###............>..h.....y #
#...................... #
#...................... #
#......................


You could see a hornet and a warg.

Vanquished Creatures
  Maggie (D:8)
  3 yaks (D:8)
  3 wyverns
  Menkaure (D:7)
  2 vampire mosquitoes (D:9)
  A warg (D:9)
  2 water moccasins
  Duvessa (D:4)
  An orc warrior (D:7)
  A hornet zombie (D:7)
  2 sky beasts (D:7)
  2 black bears
  4 ice beasts
  3 phantoms
  A kobold brigand (D:9)
  3 bullfrogs
  A necrophage (D:6)
  A gnoll sergeant (D:7)
  2 water moccasin zombies (D:7)
  3 scorpions
  14 wights
  Dowan (D:4)
  2 killer bees (D:9)
  2 howler monkeys (D:8)
  A centaur zombie (D:7)
  A jelly (D:5)
  2 gnoll boudas
  5 orc priests
  3 hounds
  An iguana (D:5)
  8 orc wizards
  A killer bee zombie (D:7)
  3 howler monkey zombies (D:7)
  Robin (D:3)
  12 gnolls
  6 adders
  A shadow imp (D:7)
  2 ufetubi
  3 worms
  5 dart slugs
  26 orcs
  10 ball pythons
  4 bats
  9 endoplasms
  2 giant cockroaches (D:2)
  15 goblins
  8 hobgoblins
  2 jackals (D:2)
  16 kobolds
  4 quokkas
  2 frilled lizards (D:1)
  8 rats
218 creatures vanquished.

Vanquished Creatures (others)
  An orc (D:8)
  A butterfly (D:4)
  A fungus (D:1)
  A plant (D:9)
4 creatures vanquished.

Grand Total: 222 creatures vanquished

Notes
Turn   | Place    | Note
-------+----------+-------------------------------------------
     0 | Abyss:1  | xian the Demonspawn Abyssal Knight began the quest for the
                  | Orb.
     0 | Abyss:1  | Reached XP level 1. HP: 18/18 MP: 2/2
     1 | D:1      | Escaped the Abyss
   127 | D:1      | Gained mutation: Your touch may inflict minor irresistible
                  | damage on your foes. [demonic ancestry]
   127 | D:1      | Reached XP level 2. HP: 18/24 MP: 4/4
   184 | D:1      | Reached skill level 2 in Axes
   666 | D:1      | Reached *** piety under Lugonu
   794 | D:1      | Found a faded altar of an unknown god.
   831 | D:1      | Reached XP level 3. HP: 27/29 MP: 2/5
  1085 | D:2      | Reached skill level 1 in Dodging
  1368 | D:2      | Reached skill level 1 in Throwing
  1437 | D:2      | Gained mutation: You are partially covered in rugged brown
                  | scales. (AC +1, +3% HP) [demonic ancestry]
  1437 | D:2      | Reached XP level 4. HP: 30/38 MP: 2/6
  2031 | D:3      | Noticed Robin
  2047 | D:3      | Reached **** piety under Lugonu
  2054 | D:3      | Killed Robin
  2055 | D:3      | Reached skill level 3 in Axes
  2873 | D:4      | Noticed a black bear
  2880 | D:4      | Killed a black bear
  2881 | D:4      | Gained mutation: You sometimes gain a little power by
                  | taking damage. [demonic ancestry]
  2881 | D:4      | Reached XP level 5. HP: 39/43 MP: 4/7
  3165 | D:4      | Reached XP level 6. HP: 49/49 MP: 3/8
  3375 | D:4      | Noticed Duvessa
  3375 | D:4      | Noticed Dowan
  3387 | D:4      | Killed Duvessa
  3387 | D:4      | Killed Dowan
  3388 | D:4      | Reached skill level 4 in Axes
  3716 | D:5      | Entered Level 5 of the Dungeon
  3797 | D:5      | Noticed an ice beast
  3804 | D:5      | Killed an ice beast
  3805 | D:5      | Gained mutation: You sometimes gain power by taking damage.
                  | [demonic ancestry]
  3805 | D:5      | Reached XP level 7. HP: 56/56 MP: 6/9
  3832 | D:5      | Found an ancient bone altar of Kikubaaqudgha.
  4140 | D:5      | Reached ***** piety under Lugonu
  4220 | D:5      | Reached skill level 5 in Axes
  4496 | D:5      | Reached skill level 6 in Axes
  4592 | D:5      | Reached XP level 8. HP: 62/62 MP: 6/10
  4969 | D:6      | Reached skill level 5 in Fighting
  5262 | D:6      | Found a staircase to the Ecumenical Temple.
  5582 | D:7      | Reached skill level 7 in Axes
  5608 | D:7      | Reached skill level 5 in Invocations
  5927 | D:7      | Found a basalt altar of Yredelemnul.
  6162 | D:7      | Gained mutation: You regenerate a little health from kills.
                  | [demonic ancestry]
  6162 | D:7      | Reached XP level 9. HP: 60/70 MP: 5/12
  6536 | D:7      | Reached skill level 5 in Armour
  7072 | D:7      | Noticed Menkaure
  7084 | D:7      | Killed Menkaure
  7483 | D:8      | Noticed Maggie
  7492 | D:8      | Reached skill level 8 in Axes
  7513 | D:8      | Killed Maggie
  7764 | D:8      | Reached XP level 10. HP: 43/78 MP: 0/15
  7916 | D:8      | Found Roubb's Antique Armour Shop.
  7993 | D:8      | Found Sarimeni's Jewellery Emporium.
  8215 | D:8      | Found Peosch's Book Shoppe.
  8351 | D:8      | Found Nuviliak's Antique Weapon Boutique.
  8459 | D:8      | Found Raag's Weapon Boutique.
  8863 | D:8      | Reached skill level 9 in Axes
  8954 | D:8      | Found an iron altar of Okawaru.
  8958 | D:8      | Found a burning altar of Makhleb.
  8962 | D:8      | Found a shimmering blue altar of Sif Muna.
  9444 | D:9      | HP: 3/79 [poisoned by a killer bee]
  9467 | D:9      | HP: 2/79 [poisoned by a hornet]
  9468 | D:9      | Slain by a hornet

Illustrated notes

Levels and vault maps discovered:
D:1:      zaba_arrival_water, layout_rooms, shapermc_ecumenical_altar_ellora
D:2:      wad_pebble_path, layout_rooms
D:3:      layout_basic, uniq_robin
D:4:      layout_gridville, nicolae_elyvilon_peaceful_grove,
          minmay_misc_feat_rugged, moated_statue, uniq_duvessa
D:5:      layout_loops_ring, lemuel_doored_altar
D:6:      layout_loops_cross, minmay_temple_entry_nine_rooms
D:7:      layout_basic, nicolae_yredelemnul_corpse_copse, glass_columns_a,
          kennysheep_path_1, uniq_menkaure
D:8:      layout_rooms, grunt_temple_overflow_diamond, serial_shops, shop,
          nicolae_shop_bloodbath_and_beyond, shop_fountains,
          nicolae_shop_crystal, shop, uniq_maggie
D:9:      layout_basic, erik_lair_orcish_takeover, enter_bailey_4

Skill      XL: |  1  2  3  4  5  6  7  8  9 10 |
---------------+-------------------------------+-----
Axes           | 2 3 4 6 7 8 9 |  9.3
Armour         | 2 3 4 6 |  6.6
Dodging        | 1 2 3 |  3.7
Throwing       | 1 2 |  2.8
Fighting       | 4 5 6 |  6.8
Invocations    | 5 7 8 |  8.1
Stealth        | |  0.6

Action                   |  1- 3 |  4- 6 |  7- 9 | 10-12 || total
-------------------------+-------+-------+-------+-------++-------
Melee: Hand axe          |    78 |    95 |   329 |   162 ||   664
       Punch             |     2 |       |     3 |     1 ||     6
       Touch             |     6 |    14 |    72 |    33 ||   125
Throw: Stone             |    20 |    28 |    21 |    23 ||    92
       Dart              |       |     6 |     1 |       ||     7
  Use: Potion            |       |     5 |     1 |     3 ||     9
       Scroll            |       |       |       |    12 ||    12
 Stab: Sleeping          |     1 |       |       |       ||     1
Armor: Leather armour    |    12 |       |       |       ||    12
       Chain mail        |    21 |   104 |       |       ||   125
       Scale mail        |       |     4 |   154 |    72 ||   230
Dodge: Dodged            |    42 |    57 |   173 |    84 ||   356
